 Dungeon Crawl Stone Soup version 0.18.1-5-g4a78601 (webtiles) character file.

40 Gingerlord the Ruffian (level 3, 0/24 HPs)
             Began as a Gargoyle Monk on May 11, 2016.
             Slain by Terence
             ... wielding a +0 mace
              (6 damage)
             ... on level 2 of the Dungeon.
             The game lasted 00:02:11 (1549 turns).

Gingerlord the Ruffian (Gargoyle Monk)              Turns: 1549, Time: 00:02:12

Health: 0/24       AC:  5    Str: 15    XL:     3   Next: 50%
Magic:  3/3        EV: 12    Int: 10    God:
Gold:   55         SH:  0    Dex: 12    Spells: 0 memorised, 2 levels left

rFire  . . .     SeeInvis .       - Unarmed
rCold  . . .     Gourm    .     a - +0 robe
rNeg   + . .     Faith    .     (no shield)
rPois  ∞         Spirit   .     (no helmet)
rElec  +         Dismiss  .     (no cloak)
rCorr  .         Reflect  .     (no gloves)
SustAt .         Harm     .     (no boots)
MR     .....                    (no amulet)
Stlth  ++........               (no ring)
                                (no ring)

@: not resistant to hostile enchantments, unstealthy
A: negative energy resistance 1, electricity resistance, unbreathing,
petrification resistance, rot immunity, AC +3
a: no special abilities


You were on level 2 of the Dungeon.
You were very hungry.

You visited 1 branch of the dungeon, and saw 2 of its levels.

You collected 55 gold pieces.

Inventory:

Armour
 a - a +0 robe (worn)
 c - a +0 shield
Scrolls
 e - a scroll of fear {unknown}
 f - a scroll of magic mapping {unknown}
 g - a scroll of random uselessness {unknown}
 i - a scroll of enchant weapon {unknown}
 j - a scroll of noise {unknown}
 k - 3 scrolls of recharging {unknown}
Potions
 h - a potion of curing {unknown}
Comestibles
 b - a bread ration
 d - a meat ration


   Skills:
 + Level 3.7 Fighting
 + Level 1.0 Armour
 + Level 2.6 Dodging
 - Level 2.1 Stealth
 + Level 1.3 Shields
 + Level 4.2 Unarmed Combat


You had 2 spell levels left.
You didn't know any spells.

Dungeon Overview and Level Annotations

Branches:
Dungeon (2/15)

Altars:
Elyvilon
Qazlal

Annotations:
D:2 Terence


Innate Abilities, Weirdness & Mutations

You are resistant to torment.
Your stone body is resilient (AC +3).
You are immune to poison.
You resist negative energy.
You are resistant to electric shocks.
You can survive without breathing.
You are immune to petrification.
You are immune to rotting.


Message History

You are too injured to fight recklessly!
You are too injured to fight recklessly!
You are too injured to fight recklessly!
You are too injured to fight recklessly!
You are too injured to fight recklessly!
You are too injured to fight recklessly!
You are too injured to fight recklessly!
Unknown command.
You hit Terence but do no damage.
Terence is heavily wounded.
Terence hits you but does no damage.
You hit Terence.
Terence is heavily wounded.
You hit Terence but do no damage.
Terence is heavily wounded.
Terence hits you but does no damage.
You hit Terence but do no damage.
Terence is heavily wounded.
Terence hits you with a mace.
You die...

#########.#.####..#.#.#
..........#.......#.#.#
###########.####.##.#.#
# #.##.#.# #
...####.##.#.# .
.......).....# ##
...####.##..... #
...###..###..#. .
.......@.....# #
...###@.###.## . ....#
###..# #.!# #... ....
#.#.


You could see Terence.

Vanquished Creatures
  A worm (D:1)
  A dart slug (D:1)
  10 goblins
  2 hobgoblins (D:1)
  4 jackals (D:1)
  3 kobolds
  A ball python (D:1)
  3 bats (D:1)
  3 giant newts (D:1)
  5 rats (D:1)
33 creatures vanquished.

Notes
Turn   | Place    | Note
--------------------------------------------------------------
     0 | D:1      | Gingerlord the Gargoyle Monk began the quest for the Orb.
     0 | D:1      | Reached XP level 1. HP: 14/14 MP: 1/1
   380 | D:1      | Reached XP level 2. HP: 19/19 MP: 2/2
   950 | D:1      | Found a white marble altar of Elyvilon.
   950 | D:1      | Found a stormy altar of Qazlal.
   957 | D:1      | Reached XP level 3. HP: 21/23 MP: 3/3
   977 | D:1      | Reached skill level 1 in Shields
  1351 | D:1      | Reached skill level 1 in Armour
  1535 | D:2      | Noticed Terence
  1549 | D:2      | Slain by Terence

Skill      XL: |  1  2  3 |
---------------+----------+-----
Shields        | 1 |  1.3
Armour         | 1 |  1.0
Fighting       | |  3.7
Dodging        | |  2.6
Stealth        | |  2.1
Unarmed Combat | |  4.2

Action                   || total
-------------------------++-------
Melee: Unarmed           ||   126
       Punch             ||     3
 Stab: Sleeping          ||     5
       Distracted        ||     1
  Eat: Chunk             ||     1
Armor: Robe              ||    39
Dodge: Dodged            ||    68
